 Dungeon Crawl Stone Soup version 0.22.0-49-gab54619 (webtiles) character file.

65547 Merlin the Severer (level 14, -9/132 HPs)
             Began as a Minotaur Berserker on Sept 7, 2018.
             Was the Champion of Trog.
             Mangled by Donald
             ... wielding a +2 war axe of venom
              (26 damage)
             ... on level 2 of the Orcish Mines on Sept 8, 2018.
             The game lasted 02:03:01 (17728 turns).

Merlin the Severer (Minotaur Berserker)            Turns: 17728, Time: 02:03:02

Health: -9/132     AC: 29    Str: 25    XL:     14   Next: 75%
Magic:  0/22       EV: 15    Int:  4    God:    Trog [******]
Gold:   1982       SH:  3    Dex: 15    Spells: 13/13 levels left

rFire    . . .     SeeInvis +   I - +7 battleaxe (freeze)
rCold    x . .     Gourm    .   (shield currently unavailable)
rNeg     . . .     Faith    .   o - +6 plate armour
rPois    .         Spirit   +   n - +1 hat of Lies {rC- MR+ MP+9 Str+3}
rElec    .         Reflect  +   s - scarf {Spirit}
rCorr    .         Harm     .   k - +1 pair of gloves
MR       ++++.                  r - +2 pair of boots
Stlth    ..........             F - +3 amulet of reflection
HPRegen  1.32/turn              q - ring of flight
MPRegen  0.18/turn              w - ring of see invisible

@: lethally poisoned (-9 -> -9), berserk cooldown, regenerating, slowed, very
slow
A: retaliatory headbutt, horns 2
a: Berserk, Trog's Hand, Brothers in Arms, Renounce Religion, Evoke Flight


You were on level 2 of the Orcish Mines.
You worshipped Trog.
Trog was exalted by your worship.
You were near starving.

You visited 3 branches of the dungeon, and saw 19 of its levels.
You also visited: Labyrinth and Ossuary.

You collected 2216 gold pieces.
You spent 234 gold pieces at shops.

Inventory:

Hand Weapons
 a - the +2 war axe of Duty {freeze, rPois}
   (You found it on level 9 of the Dungeon)

   It has been specially enchanted to freeze those struck by it, causing extra
   injury to most foes and up to half again as much damage against particularly
   susceptible opponents.
   It can also slow down cold-blooded creatures.
   It protects you from poison.
 I - a +7 battleaxe of freezing (weapon)
 P - a +1 executioner's axe of venom
 Z - the +8 war axe "Ryadiost" {elec, rN+ Dex+4}
   (Trog gifted it to you on level 2 of the Lair of Beasts)

   Occasionally, upon striking a foe, it will discharge some electrical energy
   and cause terrible harm.
   It affects your dexterity (+4).
   It protects you from negative energy.
Armour
 h - +0 ice dragon scales
 k - a +1 pair of gloves (worn)
 n - the +1 hat of Lies (worn) {rC- MR+ MP+9 Str+3}
   (You acquired it on level 4 of the Lair of Beasts)

   It affects your strength (+3).
   It makes you vulnerable to cold.
   It affects your resistance to hostile enchantments.
   It affects your magic capacity (+9).
 o - a +6 plate armour (worn)
 r - a +2 pair of boots (worn)
 s - a scarf of spirit shield (worn)
 L - a scarf of resistance
 U - a +4 scale mail of poison resistance
Jewellery
 q - a ring of flight (left hand)
 w - a ring of see invisible (right hand)
 E - an uncursed ring of ice
 F - a +3 amulet of reflection (around neck)
 O - an uncursed amulet of guardian spirit
Wands
 l - a wand of flame (20)
 u - a wand of disintegration (9)
 v - a wand of polymorph (21)
 G - a wand of iceblast (5)
 H - a wand of digging (9)
 K - a wand of clouds (1)
 M - a wand of scattershot (6)
 N - a wand of enslavement (13)
 S - a wand of random effects (28)
 T - a wand of paralysis (6)
Scrolls
 b - a scroll of silence
 d - 4 scrolls of magic mapping
 e - 9 scrolls of remove curse
 p - 9 scrolls of teleportation
 t - a scroll of fog
 y - a scroll of fear
 A - 4 scrolls of holy word
 C - a scroll of blinking
 Q - a scroll of brand weapon
 W - 2 scrolls of summoning
 X - a scroll of enchant weapon
Potions
 f - 5 potions of curing
 g - 2 potions of agility
 i - 4 potions of flight
 j - 3 potions of might
 m - 4 potions of lignification
 x - 2 potions of invisibility
 z - 3 potions of haste
 B - a potion of ambrosia
 D - 2 potions of mutation
 J - a potion of resistance
 R - 4 potions of heal wounds
 Y - 2 potions of brilliance
Miscellaneous
 V - a sack of spiders
Comestibles
 c - 23 rations


   Skills:
 + Level 14.1 Fighting
 * Level 18.8 Axes
 + Level 13.9 Armour
 + Level 13.0 Dodging


You had 13 spell levels left.
You didn't know any spells.
Your spell library was empty.

Dungeon Overview and Level Annotations

Branches:
Dungeon (11/15)            Temple (0/1) D:4            Lair (6/6) D:9
  Swamp (0/4) Lair:4        Snake (0/4) Lair:4        Slime (0/5) Lair:6
    Orc (2/2) D:9             Elf (0/3) Orc:2

Altars:
Ashenzari
Dithmenos
Fedhas
Makhleb
Okawaru
Qazlal
Ru
Sif Muna
Trog
Vehumet
Wu Jian
Zin
Beogh
Jiyva

Shops:
D:11 !   Orc:2 *

Annotations:
Orc:2 Donald


Innate Abilities, Weirdness & Mutations

You reflexively headbutt those who attack you in melee.
You have a pair of horns on your head.


Message History

You are too berserk!
Donald blocks your attack.
Your headbutt misses Donald.
Donald is severely wounded.
Donald misses you. Donald blocks your attack.
You headbutt Donald.
Donald is severely wounded.
You feel sick.
You feel a strong urge to attack something.
Donald drinks a potion.
Donald is healed!
You feel sick.
You feel your anger nearly subside.
You are no longer berserk.
You are exhausted.
You feel yourself slow down.
Donald says, "I considered Trog, but the aftereffects of berserk scare me."
Donald hits you but does no damage.
You slash Donald! You freeze Donald.
Donald is severely wounded.
You feel sick.
Donald hits you with a war axe of venom!!
You die...

...............#..(......#
........................##
......................(.## ###
.......................(.##..###
.......).)....................#.
................................
∩......................(#.......
........<..............(<.....##
...............@@......(.(....##
.....#.....#.........)(..(...###
...###....###...........(....#..
... #...## ###..............(..
...## #......#.......... ...#
##..#..#.......... ...#
##.#...#)........
###......##.#.#. #..##.##...##.


You could see Donald.

Vanquished Creatures
  Kirke (Lair:5)
  Nessos (Orc:2)
  Azrael (Orc:2)
  Josephine (Lair:5)
  A hydra (Lair:6)
  An ice dragon (Lair:6)
  2 catoblepae (Lair:6)
  A two-headed ogre (D:11)
  10 death yaks
  Sonja (Lair:4)
  An unseen horror (D:11)
  5 orc knights (Orc:1)
  2 lindwurms (Lair:6)
  2 ugly things
  2 manticores (Lair:6)
  12 elephants (Lair:6)
  13 spiny frogs
  6 torpor snails (Lair:6)
  7 black mambas
  5 komodo dragons
  3 rime drakes (Lair:6)
  3 tyrant leeches (Lair:6)
  Grinder (D:4)
  6 trolls
  6 hornets (Lair:6)
  8 hippogriffs
  A slime creature (D:9)
  19 blink frogs
  5 dream sheep (Lair:4)
  Sigmund (D:6)
  26 yaks
  A fire elemental (Orc:2)
  3 wraiths
  3 wyverns
  3 basilisks
  3 hogs (Lair:5)
  3 hungry ghosts
  5 vampire mosquitoes (Lair:4)
  Edmund (D:6)
  A steam dragon (Lair:3)
  4 wargs
  3 nagas (Lair:4)
  Menkaure (D:6)
  7 water moccasins
  Duvessa (D:7)
  10 porcupines
  3 hell hounds (Orc:2)
  20 orc warriors
  A sky beast (D:10)
  2 black bears
  5 ogres
  3 ice beasts
  2 phantoms (D:9)
  2 centaurs
  A big kobold (D:5)
  11 crocodiles
  13 bullfrogs
  Dowan (D:7)
  A wyvern skeleton (D:6)
  4 scorpions
  15 killer bees
  7 wights (D:10)
  A troll skeleton (Lab)
  5 electric eels
  2 howler monkeys
  4 crimson imps
  4 centaur zombies
  3 quasits
  A bullfrog skeleton (D:5)
  4 hounds
  Crazy Yiuf (D:4)
  5 jellies
  16 orc priests
  22 orc wizards
  2 gnoll shamans
  Natasha (thrice) (D:2)
  5 iguanas
  12 worker ants
  4 big kobold zombies (Ossuary)
  2 ogre skeletons (Lab)
  3 hound zombies
  2 hound skeletons
  5 mummies
  Robin (D:2)
  A worker ant zombie (D:9)
  11 gnolls
  3 howler monkey skeletons
  13 adders
  3 shadow imps
  6 oozes
  An adder zombie (D:8)
  2 adder skeletons
  5 worms
  4 dart slugs
  5 leopard geckos
  83 orcs
  6 giant cockroaches
  11 goblins
  10 hobgoblins
  7 jackals
  27 kobolds
  10 quokkas
  2 ball pythons
  A ball python skeleton (D:4)
  7 bats
  10 frilled lizards
  A goblin zombie (D:4)
  3 hobgoblin zombies (Ossuary)
  An orc zombie (D:4)
  7 rats
  4 fungi
  4 plants
649 creatures vanquished.

Vanquished Creatures (collateral kills)
  Rupert (Lair:5)
  A minotaur (Lab)
  A hydra (Lair:2)
  4 death yaks (Lair:2)
  A lindwurm (Lair:6)
  A torpor snail (Lair:6)
  A hornet (Lair:6)
  2 yaks (Lair:5)
  A hog (Lair:5)
  2 wraiths (Lair:5)
  An orc warrior (Orc:1)
  An orc priest (Orc:1)
  An orc wizard (Orc:1)
  An orc (Orc:1)
  A fungus (Lair:3)
  A plant (Lair:3)
21 creatures vanquished.

Vanquished Creatures (others)
  A bush (Lair:6)
  27 fungi
  27 plants
55 creatures vanquished.

Grand Total: 725 creatures vanquished

Notes
Turn   | Place    | Note
-------+----------+-------------------------------------------
     0 | D:1      | Merlin the Minotaur Berserker began the quest for the Orb.
     0 | D:1      | Reached XP level 1. HP: 19/19 MP: 0/0
    82 | D:1      | Reached XP level 2. HP: 14/27 MP: 1/1
    92 | D:1      | Reached skill level 4 in Axes
   820 | D:2      | Reached XP level 3. HP: 30/33 MP: 2/2
   927 | D:2      | Reached ** piety under Trog
   955 | D:2      | Noticed Natasha
   960 | D:2      | Killed Natasha
   960 | D:2      | Reached XP level 4. HP: 41/41 MP: 3/3
  1027 | D:2      | Noticed Robin
  1036 | D:2      | Killed Robin
  1036 | D:2      | Reached skill level 5 in Axes
  1077 | D:2      | Noticed Natasha
  1087 | D:2      | Killed Natasha
  1087 | D:2      | Reached XP level 5. HP: 34/47 MP: 4/4
  1277 | D:2      | Noticed Natasha
  1288 | D:2      | Killed Natasha
  1312 | D:2      | Found a glowing silver altar of Zin.
  1326 | D:2      | Found a radiant altar of Vehumet.
  1389 | D:3      | Found an ornate altar of the Wu Jian Council.
  1500 | D:3      | Reached *** piety under Trog
  1913 | D:3      | Found an iron altar of Okawaru.
  2103 | D:4      | Found a runed door.
  2107 | D:4      | Noticed Crazy Yiuf
  2122 | D:4      | Killed Crazy Yiuf
  2122 | D:4      | Reached skill level 5 in Fighting
  2122 | D:4      | Reached XP level 6. HP: 56/56 MP: 5/5
  2278 | D:4      | Reached skill level 6 in Axes
  2307 | D:4      | Found a staircase to the Ecumenical Temple.
  2576 | D:4      | Found a sand-covered staircase.
  2586 | Ossuary  | Entered an ossuary
  2593 | Ossuary  | Reached XP level 7. HP: 61/61 MP: 6/6
  2649 | Ossuary  | Reached skill level 7 in Axes
  2680 | Ossuary  | Reached **** piety under Trog
  2855 | D:4      | Reached skill level 5 in Armour
  3040 | D:4      | Noticed Grinder
  3045 | D:4      | Killed Grinder
  3045 | D:4      | Reached skill level 8 in Axes
  3045 | D:4      | Reached skill level 5 in Dodging
  3045 | D:4      | Reached XP level 8. HP: 71/71 MP: 7/7
  3343 | D:5      | Entered Level 5 of the Dungeon
  3560 | D:5      | Found a blossoming altar of Fedhas.
  3945 | D:5      | Found a sacrificial altar of Ru.
  3994 | D:5      | Reached skill level 9 in Axes
  4437 | D:6      | Noticed Edmund
  4448 | D:6      | Killed Edmund
  4508 | D:6      | Noticed Menkaure
  4512 | D:6      | Killed Menkaure
  4874 | D:6      | Reached XP level 9. HP: 79/79 MP: 8/8
  4889 | D:6      | Reached ***** piety under Trog
  4934 | D:6      | Found a stormy altar of Qazlal.
  4938 | D:6      | Found a burning altar of Makhleb.
  4941 | D:6      | Found a bloodstained altar of Trog.
  5080 | D:6      | Found a shadowy altar of Dithmenos.
  5269 | D:6      | Noticed Sigmund
  5284 | D:6      | Killed Sigmund
  5284 | D:6      | Reached skill level 10 in Axes
  5639 | D:7      | Noticed Dowan
  5655 | D:7      | Killed Dowan
  5658 | D:7      | Noticed Duvessa
  5667 | D:7      | Killed Duvessa
  6206 | D:8      | Reached skill level 11 in Axes
  6471 | D:8      | Reached XP level 10. HP: 84/90 MP: 7/9
  6678 | D:9      | Reached skill level 12 in Axes
  6988 | D:9      | Found a shadowy altar of Dithmenos.
  6991 | D:9      | Found a deep blue altar of Sif Muna.
  6991 | D:9      | Found a shattered altar of Ashenzari.
  6994 | D:9      | Found a sacrificial altar of Ru.
  7104 | D:9      | Found a staircase to the Lair.
  7230 | D:9      | Found a runed door.
  7283 | D:9      | Found a runed door.
  7337 | D:9      | Reached ****** piety under Trog
  7482 | D:9      | Reached XP level 11. HP: 99/99 MP: 10/10
  7524 | D:9      | Found a staircase to the Orcish Mines.
  7531 | D:9      | Reached skill level 13 in Axes
  7543 | D:9      | Found a roughly hewn altar of Beogh.
  7591 | D:9      | Got a twisted war axe
  7592 | D:9      | Identified the cursed +2 war axe of Duty {freeze, rPois}
                  | (You found it on level 9 of the Dungeon)
  7883 | D:10     | Entered Level 10 of the Dungeon
  7883 | D:10     | Noticed a brown ugly thing
  7894 | D:10     | Killed a brown ugly thing
  7894 | D:10     | Reached skill level 10 in Fighting
  8199 | D:10     | Received a gift from Trog
  8901 | D:11     | Found a labyrinth entrance.
  8909 | Lab      | Entered a labyrinth
  9663 | Lab      | Noticed a minotaur
  9669 | Lab      | Killed a minotaur
  9669 | Lab      | Reached skill level 10 in Armour
  9958 | D:11     | Killed an unseen horror
  9958 | D:11     | Reached skill level 14 in Axes
 10207 | D:11     | Noticed a two-headed ogre
 10215 | D:11     | Killed a two-headed ogre
 10284 | D:11     | Found Hoomnol's Distillery.
 10301 | D:11     | Bought a potion of invisibility for 104 gold pieces
 10301 | D:11     | Bought a potion of heal wounds for 65 gold pieces
 10301 | D:11     | Bought a potion of heal wounds for 65 gold pieces
 10316 | D:11     | Noticed a red ugly thing
 10323 | D:11     | Killed a red ugly thing
 10473 | Lair:1   | Entered Level 1 of the Lair of Beasts
 10805 | Lair:1   | Reached XP level 12. HP: 98/110 MP: 8/11
 10808 | Lair:1   | Reached skill level 10 in Dodging
 11231 | Lair:2   | Received a gift from Trog
 11232 | Lair:2   | Got a faintly glowing war axe {god gift}
 11233 | Lair:2   | Identified the +8 war axe "Ryadiost" {elec, rN+ Dex+4}
                  | (Trog gifted it to you on level 2 of the Lair of Beasts)
 11504 | Lair:2   | Got an iridescent war axe
 11505 | Lair:2   | Identified the +6 war axe "Ilel" {chop, +Rage rN+ SInv
                  | Stlth+} (You found it on level 2 of the Lair of Beasts)
 11575 | Lair:2   | Noticed a death yak
 11575 | Lair:2   | Noticed a death yak
 11580 | Lair:2   | Noticed a five-headed hydra
 11581 | Lair:2   | Noticed a death yak
 11581 | Lair:2   | Noticed a death yak
 11581 | Lair:2   | Noticed a death yak
 11584 | Lair:2   | Killed a death yak
 11584 | Lair:2   | Reached skill level 15 in Axes
 11584 | Lair:2   | Noticed a death yak
 11586 | Lair:2   | Killed a death yak
 11586 | Lair:2   | Killed a five-headed hydra
 11588 | Lair:2   | Killed a death yak
 11589 | Lair:2   | Killed a death yak
 11591 | Lair:2   | Killed a death yak
 11593 | Lair:2   | Killed a death yak
 12330 | Lair:3   | Noticed a death yak
 12330 | Lair:3   | Noticed a death yak
 12332 | Lair:3   | Noticed a death yak
 12332 | Lair:3   | Noticed a death yak
 12343 | Lair:3   | Killed a death yak
 12344 | Lair:3   | Killed a death yak
 12348 | Lair:3   | Killed a death yak
 12352 | Lair:3   | Killed a death yak
 12721 | Lair:3   | Reached skill level 16 in Axes
 13214 | Lair:4   | Noticed Sonja
 13222 | Lair:4   | Killed Sonja
 13292 | Lair:4   | Reached XP level 13. HP: 118/118 MP: 12/12
 13406 | Lair:4   | Identified a scroll of acquirement
 13408 | Lair:4   | Got a fine hat
 13414 | Lair:4   | Identified the +1 hat of Lies {rC- MR+ MP+9 Str+3} (You
                  | acquired it on level 4 of the Lair of Beasts)
 13486 | Lair:4   | Found a staircase to the Swamp.
 13630 | Lair:4   | Found a staircase to the Snake Pit.
 13894 | Lair:5   | Noticed Josephine
 13900 | Lair:5   | Killed Josephine
 13902 | Lair:5   | Noticed Kirke
 13909 | Lair:5   | Killed Kirke
 13909 | Lair:5   | Received a gift from Trog
 13913 | Lair:5   | Got a transparent lajatang {god gift}
 13914 | Lair:5   | Identified the +10 lajatang "Bumaulaino" {slice, rElec rN+}
                  | (Trog gifted it to you on level 5 of the Lair of Beasts)
 14090 | Lair:5   | Noticed Rupert
 14097 | Lair:5   | Killed Rupert
 14097 | Lair:5   | Reached skill level 17 in Axes
 14541 | Lair:6   | Entered Level 6 of the Lair of Beasts
 15287 | Lair:6   | Reached XP level 14. HP: 126/129 MP: 13/13
 15387 | Lair:6   | Found a viscous altar of Jiyva.
 15387 | Lair:6   | Found a staircase to the Slime Pits.
 15627 | Lair:6   | Found a runed door.
 15712 | Lair:6   | Paralysed by a hornet for 2 turns
 15729 | Lair:6   | Reached skill level 18 in Axes
 15734 | Lair:6   | Paralysed by a hornet for 2 turns
 16759 | Orc:1    | Entered Level 1 of the Orcish Mines
 16826 | Orc:1    | Received a gift from Trog
 17165 | Orc:2    | Entered Level 2 of the Orcish Mines
 17165 | Orc:2    | Noticed Azrael
 17180 | Orc:2    | Killed Azrael
 17181 | Orc:2    | Found Dioleow's General Store.
 17200 | Orc:2    | Noticed Nessos
 17598 | Orc:2    | Killed Nessos
 17662 | Orc:2    | Found a staircase to the Elven Halls.
 17674 | Orc:2    | Noticed Donald
 17728 | Orc:2    | Mangled by Donald

Skill      XL: |  1  2  3  4  5  6  7  8  9 10 11 12 13 14 |
---------------+-------------------------------------------+-----
Fighting       | 4 5 6 7 8 9 11 12 13 14 | 14.1
Axes           | 4 5 6 8 9 11 12 14 16 17 18 | 18.8
Armour         | 3 4 5 6 8 9 10 11 13 | 13.9
Dodging        | 3 4 5 6 7 8 9 11 12 13 | 13.0

Action                   |  1- 3 |  4- 6 |  7- 9 | 10-12 | 13-15 || total
-------------------------+-------+-------+-------+-------+-------++-------
Melee: Hand axe          |    58 |   203 |   458 |       |       ||   719
       Headbutt          |    11 |    34 |   103 |    95 |   144 ||   387
       Broad axe         |       |       |       |   133 |       ||   133
       War axe           |       |       |       |   343 |   401 ||   744
       Battleaxe         |       |       |       |       |    60 ||    60
Invok: Berserk           |       |     3 |     6 |     7 |     6 ||    22
       Trog's Hand       |       |     1 |     6 |     3 |     3 ||    13
       Brothers in Arms  |       |       |       |     2 |     4 ||     6
Evoke: Wand              |       |       |       |    12 |     4 ||    16
  Use: Scroll            |     8 |     8 |    10 |     8 |     7 ||    41
       Potion            |       |       |       |     1 |     3 ||     4
 Stab: Paralysed         |       |       |       |       |     2 ||     2
       Invisible         |       |       |       |       |     1 ||     1
  Eat: Chunk             |       |     8 |    20 |    28 |    16 ||    72
       Ration            |       |       |     1 |     1 |     2 ||     4
Armor: Animal skin       |     8 |       |       |       |       ||     8
       Plate armour      |     9 |   139 |   251 |   263 |   194 ||   856
       Skin              |       |     2 |       |       |       ||     2
Dodge: Dodged            |    21 |    74 |   175 |   227 |   223 ||   720
Block: Other             |       |       |       |       |    38 ||    38
       Reflection        |       |       |       |       |     2 ||     2
